[Event "Late-Titled-Tuesday-Blitz-March-19-2024"]
[Site "Chess.com"]
[Date "2024.03.19"]
[Round "6"]
[White "bascheyaro"]
[Black "karinachess1"]
[Result "1-0"]
[WhiteElo "2796"]
[BlackElo "2637"]
[TimeControl "180+1"]
[EndTime "15:05:47 PDT"]
[Termination "bascheyaro won by checkmate"]

1. d4 Nf6 2. Nf3 e6 3. Bf4 b6 4.
e3 Bb7 5. a4 Bd6 6. Bg3 Bxg3 7.
hxg3 a5 8. Nbd2 d6 9. Bd3 Nbd7 10. c3 Qe7 11. Qc2 h6 12. Ne4 e5 13. dxe5 Nxe5 14.
Nxe5 Qxe5 15. Nxf6+ Qxf6 16. Be4 O-O-O 17. Bxb7+ Kxb7 18.
O-O-O Rhe8 19. Rh4 Re5 20. Rf4 Qe7 21. Qe2 f6 22.
Qf3+ Kb8 23. Rfd4 Re8 24. b4 Qd7 25. b5 Rc5 26. Kb2 Ree5 27. Qg4 Qe7 28. R1d2 Rg5 29. Qd1 Rge5 30. Qb3 Qe8 31. Qd1 Qe7 32. Qc2 Qf7 33. g4 Qe7 34. e4 g5 35. f3 Qg7 36. Rd1 Re8 37. Qb3 Rh8 38. Qe6 Re5 39. Qc4 h5 40. gxh5 Rxh5 41. Rxd6 cxd6 42. Rxd6 Rc5 43. Rxb6+ Ka7 44.
Qxc5 Rh8 45. Ra6+ Kb8 46. Qb6+ Kc8 47. Ra8+ Kd7 48. Ra7+ Ke8 49. Qb8# 1-0

[Event "Late-Titled-Tuesday-Blitz-March-19-2024"]
[Site "Chess.com"]
[Date "2024.03.19"]
[Round "6"]
[White "Bryanl106"]
[Black "xakevicius91"]
[Result "1-0"]
[WhiteElo "2688"]
[BlackElo "2564"]
[TimeControl "180+1"]
[EndTime "15:05:47 PDT"]
[Termination "Bryanl106 won on time"]

1. e4 c5 2. Nf3 e6 3. d4 cxd4 4. Nxd4 Nc6 5. Nc3 Qc7 6. Be3 a6 7. Qf3 Nf6 8. O-O-O d6 9. Qg3 Bd7 10. f4 Rc8 11. Bd3 b5 12. Kb1 b4 13. Nce2 Qb7 14.
e5 Nd5 15. Bc1 g6 16. Nxc6 Bxc6 17. Nd4 Bd7 18. f5 Bg7 19. fxe6 Bxe6 20. Nxe6 fxe6 21. Bxg6+ hxg6 22. Qxg6+ Qf7 23. Qd3 Bxe5 24. Rhf1 Qg7 25. Qxa6 Kd8 26. h4 Rxh4 27. Bg5+ Kd7 28. Bxh4 Bxb2 29. Rxd5 exd5 30. Qb5+ Ke6 31. Qe2+ Be5 32. Rf6+ Kd7 33. Qb5+ Rc6 34. Rf2 Ba1 35. Qxb4 Kc7 36. Kc1 Bd4 37. Rf3 Rb6 38. Bd8+ Kd7 39. Qa5 Rb7 40. Qxd5 Qh6+ 41. Bg5 Qg7 42. Qxb7+ Ke6 43. Qxg7 Bxg7 44. Bd2 1-0

[Event "Late-Titled-Tuesday-Blitz-March-19-2024"]
[Site "Chess.com"]
[Date "2024.03.19"]
[Round "6"]
[White "Charodej1"]
[Black "AsterPhoenix"]
[Result "0-1"]
[WhiteElo "2388"]
[BlackElo "2652"]
[TimeControl "180+1"]
[EndTime "15:05:50 PDT"]
[Termination "AsterPhoenix won by resignation"]

1. e4 c5 2. Nf3 d6 3. d4 cxd4 4.
Nxd4 Nf6 5. Nc3 a6 6. Be2 e5 7.
Nb3 Be7 8. O-O O-O 9. Kh1 Be6 10. f4 b5 11. f5 Bd7 12. a3 Bc6 13. Bf3 Nbd7 14.
Bg5 a5 15. Bxf6 Nxf6 16. Qd3 Qb6 17. Nd5 Bxd5 18. exd5 Rfc8 19. c3 Rc4 20. Nd2 Rc5 21.
b4 Rc7 22. Rfb1 a4 23. c4 bxc4 24. Nxc4 Qb5 25. Nxe5 Qxd3 26. Nxd3 Rc3 27. Nf4 Nd7 28. Rc1 Rac8 29. Rxc3 Rxc3 30. Ne2 Rb3 31. Nd4 Rb2 32.
Nb5 Nb6 33. Rc1 g6 34. fxg6 hxg6 35. h3 Bg5 36. Rd1 Nc4 37. Kg1 Be3+ 38. Kf1 Bf4 39. Kg1 Be3+ 40. Kh1 Bf4 41. Kg1 Be5 42. Rc1 Nd2 43.
Nc3 Nb3 44. b5 Nxc1 45. b6 Bxc3 0-1

[Event "Late-Titled-Tuesday-Blitz-March-19-2024"]
[Site "Chess.com"]
[Date "2024.03.19"]
[Round "6"]
[White "ContrVersia"]
[Black "Korchmar_Vasiliy"]
[Result "1-0"]
[WhiteElo "2926"]
[BlackElo "2710"]
[TimeControl "180+1"]
[EndTime "15:05:51 PDT"]
[Termination "ContrVersia won on time"]

1. Nf3 d5 2. c4 c6 3. g3 g6 4. Qa4 dxc4 5. Qxc4 Bg7 6. Bg2 Nh6 7.
O-O Nf5 8. Rd1 O-O 9. d4 Nd6 10. Qc3 a5 11. Bf4 Na6 12. Na3 Nb4 13. Nc4 Nxc4 14.
Qxc4 Be6 15. Qc5 Bxa2 16. e4 Be6 17. h3 h6 18. Be5 b6 19. Qc1 Rc8 20. Ra3 Qd7 21.
Bxg7 Kxg7 22. Ne5 Qd6 23. Rc3 Na2 24. Qe3 Nxc3 25. bxc3 c5 26. f4 cxd4 27. cxd4 f6 28. Nf3 Bf7 29. e5 Qb4 30. e6 Be8 31. d5 Rc3 32. Qf2 Qc5 33. Nd4 a4 34. d6 Bb5 35.
d7 Rd8 36. Be4 f5 37. Bg2 a3 38. Nxb5 Qxf2+ 39. Kxf2 Rc2+ 40. Kg1 a2 41. Bf1 Rb2 42. Nc3 Kf6 43. Re1 Rc2 44. Nd5+ Kg7 45. Nxe7 Ra8 46. Nxf5+ gxf5 47. e7 1-0

[Event "Late-Titled-Tuesday-Blitz-March-19-2024"]
[Site "Chess.com"]
[Date "2024.03.19"]
[Round "6"]
[White "LiemLe"]
[Black "GoltsevDmitry2000"]
[Result "0-1"]
[WhiteElo "3019"]
[BlackElo "2763"]
[TimeControl "180+1"]
[EndTime "15:05:52 PDT"]
[Termination "GoltsevDmitry2000 won on time"]

1. Nf3 d5 2. g3 Nf6 3. Bg2 c5 4. O-O Nc6 5. d4 cxd4 6. Nxd4 e5 7. Nxc6 bxc6 8. c4 Be6 9. Bg5 Be7 10. Nc3 e4 11. cxd5 cxd5 12. Qa4+ Bd7 13. Qa6 O-O 14. Rfd1 Be6 15. Bxf6 Bxf6 16. Bxe4 Bxc3 17. bxc3 Qf6 18. Bxd5 Rac8 19. c4 Qe5 20. e3 Bxd5 21. cxd5 Rc2 22. d6 Qf6 23. Qf1 Rd8 24. Rab1 h5 25. d7 Qf5 26. Rb5 Qf3 27. a4 Rxf2 28. Qxf2 Qxd1+ 29. Kg2 Qxd7 30. Qf3 g6 31. Rb7 Qe6 32. Rb2 Qc4 33. Qf4 Qc3 34. Rf2 Qb3 35. h4 Re8 36. Re2 Qd3 37. Qf3 Qe4 38. Rf2 f5 39. Rb2 Qxe3 40. Qxe3 Rxe3 41. Rb8+ Kf7 42. a5 Re5 43. Rb7+ Re7 44. a6 Ke6 45. Kf3 Kd6 46. Rb8 Kc6 47.
Rf8 Re6 48. Rb8 Kc5 49. Kf4 Rxa6 50. Kg5 Rc6 0-1

[Event "Late-Titled-Tuesday-Blitz-March-19-2024"]
[Site "Chess.com"]
[Date "2024.03.19"]
[Round "6"]
[White "bazar-wokzal"]
[Black "hell3raiser"]
[Result "1/2-1/2"]
[WhiteElo "2547"]
[BlackElo "2346"]
[TimeControl "180+1"]
[EndTime "15:05:52 PDT"]
[Termination "Game drawn by agreement"]

1. e4 e5 2. Bc4 Nf6 3. d3 Nc6 4. Nf3 Bc5 5. Bg5 d6 6. Nc3 h6 7.
Bh4 g5 8. Bg3 Be6 9. Nd2 Qe7 10.
h4 O-O-O 11. Nd5 Bxd5 12. exd5 Nd4 13. c3 Nf5 14. Qf3 Nxg3 15. fxg3 g4 16. Qf5+ Kb8 17. O-O-O b5 18. Bb3 h5 19. Rhf1 Rh6 20. a4 bxa4 21. Bxa4 Nxd5 22. Qxf7 Qxf7 23. Rxf7 Ne3 24. Re1 Nxg2 25.
Re2 Ne3 26. Ne4 Bb6 27. Bc6 d5 28. Nf6 d4 29. cxd4 exd4 30. Rf2 a5 31. Nd7+ Ka7 32.
R2f6 Rxf6 33. Rxf6 Nd5 34. Rf5 Nb4 35. Nxb6 Kxb6 36. Be4 c5 37. Rxh5 c4 38. dxc4 d3 39. Kd2 Re8 40. c5+ Kb5 41. Bxd3+ Nxd3 42. Kxd3 Rf8 43.
Rg5 Rf3+ 44. Kc2 Rxg3 45. h5 Rh3 46. c6+ Kxc6 47. Rxa5 g3 48. Rg5 g2 49. Rxg2 Rxh5 50. Kb3 Kb6 51. Ka4 Rh4+ 52. b4 Rh5 53. Rg6+ Kb7 54. Rf6 Rg5 55. Re6 Rh5 56. b5 Rg5 57.
Ka5 Rg7 58. Rh6 Rf7 59. Ra6 Rg7 60. Rb6+ Ka7 61. Rc6 Kb7 62. Rc5 Rf7 63. Rd5 Rg7 64. Kb4 Rh7 65. Kc5 Rc7+ 66. Kd6 Rh7 67. Kc5 Rc7+ 68.
Kb4 Rh7 69. Rd6 Rg7 70. Kc5 Rh7 1/2-1/2

[Event "Late-Titled-Tuesday-Blitz-March-19-2024"]
[Site "Chess.com"]
[Date "2024.03.19"]
[Round "6"]
[White "Adar_07"]
[Black "Bilan_Danila"]
[Result "0-1"]
[WhiteElo "2824"]
[BlackElo "2645"]
[TimeControl "180+1"]
[EndTime "15:05:53 PDT"]
[Termination "Bilan_Danila won by resignation"]

1. d4 d5 2. c4 c6 3. Nf3 Nf6 4. Nc3 dxc4 5. e4 b5 6. e5 Nd5 7. a4 e6 8. axb5 Nxc3 9. bxc3 cxb5 10. Ng5 Bb7 11. Be2 Be7 12. Bf3 Bd5 13. h4 Nc6 14. Ra6 Qc8 15. Bxd5 Qxa6 16. Qf3 exd5 17. Qxf7+ Kd7 18. Qxd5+ Kc7 19. Qf7 Rae8 20. O-O Kb8 21. Ne6 Nd8 22. Nxd8 Bxd8 23. Bf4 Rhf8 24. e6+ Ka8 25.
Qh5 Qxe6 26. Bg3 Qf5 27. Qd1 Rf7 28. Qa1 Bc7 29. Rb1 Bxg3 30. fxg3 Rb7 31. Kh2 Reb8 32. Rf1 Qd5 33. Rf4 b4 34. cxb4 Rxb4 35. Qc1 Rb2 36. Qf1 c3 37. Rf5 Qe4 38. Rf4 Qd5 39. Rf5 Qxd4 40.
Qf3+ R2b7 41. Rf7 Qc5 42. Rxb7 Rxb7 43. Qe4 a6 44. Qe8+ Ka7 45. Qe4 c2 0-1

[Event "Late-Titled-Tuesday-Blitz-March-19-2024"]
[Site "Chess.com"]
[Date "2024.03.19"]
[Round "6"]
[White "aistrel"]
[Black "norwaytoadog"]
[Result "1-0"]
[WhiteElo "2651"]
[BlackElo "2367"]
[TimeControl "180+1"]
[EndTime "15:05:55 PDT"]
[Termination "aistrel won on time"]

1. d4 Nf6 2. Bf4 e6 3. e3 d5 4. Nf3 c5 5. Nc3 a6 6. Be2 Nc6 7. O-O cxd4 8. exd4 Bd6 9. Ne5 Bd7 10. Nxf7 Kxf7 11.
Bxd6 Re8 12. Bh5+ g6 13. Bf3 Kg8 14. Ne2 Qb6 15. Ba3 Rad8 16. c3 Na5 17. Bc5 Qc7 18. Qd3 Bb5 19. Qc2 Nc4 20. a4 Bc6 21. a5 Qf7 22. b3 Nd6 23. Bxd6 Rxd6 24. Nf4 Ne4 25. Nd3 Ng5 26. Ne5 Qf4 27. Rfe1 Rf8 28.
Re3 Ne4 29. Rae1 Nf6 30. g3 Qh6 31. Bg2 Re8 32. h3 Bb5 33. Nf3 Ne4 34. Ne5 Nf6 35. Nf3 Ne4 36. h4 Nf6 37. Ng5 Bd7 38. Bh3 Ne4 39.
Nxe4 dxe4 40. Rxe4 Bc6 41. Rxe6 Rdxe6 42. Rxe6 Qf8 43. c4 Bf3 44. d5 Rc8 45. Qd2 Rd8 46. Qe3 Bh5 47. Re7 1-0

[Event "Late-Titled-Tuesday-Blitz-March-19-2024"]
[Site "Chess.com"]
[Date "2024.03.19"]
[Round "6"]
[White "Dr_Pepper18"]
[Black "Navyblue1"]
[Result "1-0"]
[WhiteElo "2433"]
[BlackElo "2210"]
[TimeControl "180+1"]
[EndTime "15:05:57 PDT"]
[Termination "Dr_Pepper18 won by resignation"]

1. d4 Nf6 2. c4 g6 3. Nf3 Bg7 4. g3 O-O 5. Bg2 d6 6. O-O c6 7. Nc3 Qb6 8. b3 Nbd7 9. Bb2 Qa6 10. e4 e5 11. Qc2 exd4 12. Nxd4 Rb8 13. Rfd1 Re8 14. h3 Nc5 15. Nde2 Qb6 16. Rab1 Qc7 17. Bc1 h5 18. Bf4 Nfxe4 19. Nxe4 Nxe4 20. Bxe4 Rxe4 21. Qxe4 Bf5 22. Qe3 Bxb1 23. Rxb1 Rd8 24. Rd1 Qa5 25. a4 d5 26. cxd5 cxd5 27. Nd4 Qb6 28. Nb5 d4 29. Qe7 Bf8 30. Qc7 Qxc7 31. Bxc7 Rc8 32. Bf4 a6 33. Nxd4 Rc3 34. Rc1 Rd3 35. Be3 Bg7 36. Rc4 Rd1+ 37.
Kg2 Kh7 38. Rb4 b5 39. axb5 axb5 40. Rxb5 Bxd4 41. Rd5 Rb1 42. Bxd4 Rxb3 43. Rd8 g5 44. Rh8+ Kg6 45. Rg8+ Kf5 46. Rg7 Rb7 47. Be3 g4 48. hxg4+ hxg4 49. Rg5+ Ke6 50. Rxg4 Kf6 51. Rf4+ Ke5 52.
Rd4 f5 53. Rf4 Ke6 54. Bd4 Rb4 55. Be3 Rb2 56. Rh4 Re2 57. Kf3 Ra2 58. Rh6+ Ke5 59. Bf4+ Kd5 60. Rd6+ Kc5 61. Rf6 Ra3+ 62. Kg2 Kd4 63.
Rxf5 Ke4 64. Re5+ Kd4 65. Re3 Ra2 66. Rf3 Ke4 67. Be3 Rc2 68. Rf4+ Kd3 69. g4 Ke2 70.
Rd4 Rc6 71. g5 Rg6 72. Kg3 1-0

[Event "Late-Titled-Tuesday-Blitz-March-19-2024"]
[Site "Chess.com"]
[Date "2024.03.19"]
[Round "6"]
[White "Durarbayli"]
[Black "Szparu"]
[Result "1-0"]
[WhiteElo "2969"]
[BlackElo "2796"]
[TimeControl "180+1"]
[EndTime "15:05:58 PDT"]
[Termination "Durarbayli won on time"]

1. e4 c5 2. Nf3 a6 3. c4 Nc6 4.
Nc3 e5 5. a3 Nge7 6. b4 d6 7.
Rb1 Ng6 8. h4 h5 9. d3 Be7 10.
g3 b6 11. Be2 Bg4 12. Nd5 Nf8 13. bxc5 bxc5 14. Rb7 Rc8 15. Nxe5 dxe5 16. Bxg4 hxg4 17. Qxg4 Ne6 18. O-O Rb8 19. Rxb8 Qxb8 20. f4 exf4 21. Bxf4 Nxf4 22. Rxf4 g6 23. Kg2 Ne5 24. Qd1 Bd8 25. d4 cxd4 26. Qxd4 O-O 27. h5 Bg5 28. Rf1 Rc8 29.
c5 Nc6 30. Qd3 Qb5 31. Qf3 Ne5 32. Qd1 Qc4 33. hxg6 Qxe4+ 34. Kh3 Rc6 35. gxf7+ Kf8 36. Nf4 Rh6+ 37. Nh5 Qg6 38. g4 Qe6 39. Rf5 Rxh5+ 40.
Kg2 Nxg4 41. Qxg4 Rh4 42. Qxg5 Qe2+ 43. Rf2 Qe4+ 44. Kg3 Rh7 45. Qd8+ Kg7 46. Qg8+ Kh6 47. f8=Q+ Kh5 48. Qff7+ 1-0

[Event "Late-Titled-Tuesday-Blitz-March-19-2024"]
[Site "Chess.com"]
[Date "2024.03.19"]
[Round "6"]
[White "Rodalquilar"]
[Black "rhungaski"]
[Result "0-1"]
[WhiteElo "2756"]
[BlackElo "2622"]
[TimeControl "180+1"]
[EndTime "15:05:58 PDT"]
[Termination "rhungaski won by checkmate"]

1. d4 Nf6 2. Bf4 g6 3. Nc3 d6 4.
e4 Bg7 5. Nf3 Bg4 6. Be2 Nc6 7.
d5 Nb8 8. h3 Bxf3 9. Bxf3 Nfd7 10.
O-O c6 11. Qd2 O-O 12. Rfe1 a5 13. g3 a4 14. a3 Qa5 15. Bg2 Ne5 16. Qe2 Qa6 17. Qd1 Qb6 18. Rb1 Nc4 19. Qe2 Qa6 20. Nd1 Nd7 21. Bf1 b5 22. Ne3 Nde5 23. dxc6 Qxc6 24.
Nd5 Rae8 25. c3 e6 26. Nb4 Qb6 27. Nd3 Nxd3 28. Qxd3 f5 29. Be3 Nxe3 30. Rxe3 fxe4 31. Qxe4 Rf5 32. Rbe1 Re5 33. Qb4 Rf8 34. R1e2 h5 35. h4 Kh7 36. Kg2 Ref5 37. f3 e5 38. Rd2 e4 39. Rxe4 Rxf3 40. Qxb5 Rf2+ 41. Kh3 Qd8 42. Rxf2 Rxf2 43. Qe8 Qf6 44. Bd3 Qf5+ 45. g4 Qf3# 0-1

[Event "Late-Titled-Tuesday-Blitz-March-19-2024"]
[Site "Chess.com"]
[Date "2024.03.19"]
[Round "6"]
[White "steepedgames"]
[Black "Meri-Arabidze"]
[Result "0-1"]
[WhiteElo "2531"]
[BlackElo "2680"]
[TimeControl "180+1"]
[EndTime "15:05:58 PDT"]
[Termination "Meri-Arabidze won by resignation"]

1. e4 c5 2. Nf3 e6 3. c3 Nf6 4.
d3 Nc6 5. Be2 d5 6. e5 Nd7 7. d4 Be7 8. O-O O-O 9. Bf4 b6 10.
Na3 a5 11. Nb5 Ba6 12. a4 c4 13. Nd6 Bxd6 14. exd6 Nf6 15. h3 Ne4 16. Ne5 Bb7 17. d7 Nxe5 18. dxe5 Nc5 19. Be3 Nxd7 20. f4 Qc7 21.
Bd4 Nc5 22. f5 exf5 23. Rxf5 Bc8 24. Rh5 Be6 25. Qc2 g6 26. Rh4 Ne4 27. Qc1 Ng3 28.
Bg4 Bxg4 29. Qg5 Ne2+ 30. Kh1 Nxd4 31. cxd4 Bf5 32. Rf1 Qd7 33. g4 Be4+ 34. Kh2 f6 35. exf6 Rf7 36. Rh6 Raf8 37. h4 Qd6+ 38. Kh3 Rxf6 39.
Rxf6 Qxf6 40. Qxf6 Rxf6 41. h5 Kg7 42. g5 Rf3+ 43.
Kg4 Rb3 44. hxg6 Bxg6 45. Rh2 Rd3 46. Kf4 Rxd4+ 47. Ke5 Rd3 48. Kd6 d4 49. Kc6 c3 50.
bxc3 Rxc3+ 51. Kxb6 d3 52. Kxa5 Rc2 53. Rh1 d2 54.
Rd1 Bh5 0-1

[Event "Late-Titled-Tuesday-Blitz-March-19-2024"]
[Site "Chess.com"]
[Date "2024.03.19"]
[Round "6"]
[White "hblanco"]
[Black "Lion-Al-Messi"]
[Result "0-1"]
[WhiteElo "2688"]
[BlackElo "2590"]
[TimeControl "180+1"]
[EndTime "15:06:00 PDT"]
[Termination "Lion-Al-Messi won by resignation"]

1. e4 e6 2. d4 d5 3. Nd2 c5 4. Ngf3 cxd4 5. Nxd4 Nf6 6. e5 Nfd7 7. f4 Nc6 8. N2f3 Bc5 9. c3 O-O 10. Be3 Qe7 11.
Bb5 Ndb8 12. O-O a6 13. Bd3 f6 14. Qc2 f5 15. b4 Ba7 16. a4 Nd7 17. Bf2 Nxd4 18. Nxd4 Nb6 19. Qe2 Bd7 20. a5 Nc8 21. Nb3 Bxf2+ 22. Qxf2 Na7 23. Qc5 Rfe8 24. Qxe7 Rxe7 25.
Kf2 Bb5 26. Ke3 Rc7 27. Nc5 Kf7 28. h3 Rac8 29. Bxb5 Nxb5 30. Kd3 Rxc5 31. bxc5 Rxc5 32.
Rfc1 Rc4 33. g3 h6 34. Rab1 Ra4 35. Ra1 Rc4 36. Rab1 Ra4 37. Rxb5 axb5 38. Rb1 Rxa5 39. Rb4 Ke7 40. Kd4 Ra4 41. Kc5 Rxb4 42. Kxb4 Kd7 43. Kxb5 Kc7 44. Kc5 b6+ 45. Kb5 Kb7 46. Kb4 Kc6 47.
g4 g6 48. Ka3 Kc5 49. Kb3 b5 50. Kb2 Kc4 51. Kc2 d4 52. cxd4 Kxd4 53. g5 hxg5 0-1

[Event "Late-Titled-Tuesday-Blitz-March-19-2024"]
[Site "Chess.com"]
[Date "2024.03.19"]
[Round "6"]
[White "HandKnit"]
[Black "Muracle"]
[Result "1/2-1/2"]
[WhiteElo "2492"]
[BlackElo "2595"]
[TimeControl "180+1"]
[EndTime "15:06:00 PDT"]
[Termination "Game drawn by stalemate"]

1. c4 Nf6 2. Nc3 c6 3. Nf3 d5 4. e3 g6 5. d4 Bg7 6. Bd3 O-O 7. O-O Bf5 8. Bxf5 gxf5 9. Qc2 e6 10. b3 Ne4 11. Ne1 Qa5 12. Bb2 Na6 13. Nd3 Nb4 14. Nxb4 Qxb4 15. Nxe4 fxe4 16. a3 Qa5 17. b4 Qa6 18.
Rfc1 f5 19. Qb3 Kh8 20. b5 Qb6 21. a4 a6 22. Ba3 Rg8 23. Bd6 dxc4 24. Qxc4 cxb5 25.
Qc7 Qxc7 26. Rxc7 Rgd8 27. Be7 Rdc8 28. Rxb7 Rab8 29. Rxb8 Rxb8 30. axb5 axb5 31. Bb4 Rc8 32. Rb1 Rc7 33. g3 Kg8 34. Kg2 Kf7 35. h3 Ke8 36. g4 Kd7 37. Kg3 Kc6 38. Rc1+ Kd7 39. Rxc7+ Kxc7 40. gxf5 exf5 41. Kf4 Kc6 42. Kxf5 Kd5 43. Be7 Bh6 44. h4 Bg7 45. h5 Bh6 46. Ba3 Bg7 47.
Kg5 Kc4 48. h6 Bh8 49. Kf5 b4 50. Bxb4 Kxb4 51. Kxe4 Bf6 52. Kf5 Bh4 53. f4 Bf2 54. e4 Bxd4 55. e5 Kc5 56. Kf6 Kd5 57. Kg7 Be3 58.
Kxh7 Bxf4 59. Kg7 Bxe5+ 60. Kg8 Ke6 61. h7 Bh8 62. Kxh8 Kf7 1/2-1/2

[Event "Late-Titled-Tuesday-Blitz-March-19-2024"]
[Site "Chess.com"]
[Date "2024.03.19"]
[Round "6"]
[White "kai_nov"]
[Black "yuriydovzik"]
[Result "1-0"]
[WhiteElo "2349"]
[BlackElo "2109"]
[TimeControl "180+1"]
[EndTime "15:06:00 PDT"]
[Termination "kai_nov won on time"]

1. d4 Nf6 2. c4 e6 3. Nc3 Bb4 4. f3 c5 5. d5 exd5 6. cxd5 d6 7.
e4 Nbd7 8. Nh3 Ne5 9. Nf2 O-O 10. Be2 a6 11. O-O b5 12. a4 Rb8 13. axb5 axb5 14.
Nxb5 c4 15. Nd4 Bc5 16. Nc6 Nxc6 17. dxc6 d5 18. exd5 Nxd5 19. Bxc4 Be6 20. Kh1 Qd6 21. Ne4 Qxc6 22. Nxc5 Qxc5 23. b3 Nc3 24. Qc2 Bxc4 25.
Ba3 Bxb3 26. Bxc5 Bxc2 27. Bxf8 Kxf8 28. Rfc1 Rb2 29. Ra8+ Ke7 30. Rc8 Ne2 31. R8xc2 Rxc2 32. Rxc2 Nf4 33. Ra2 g6 34. Ra7+ Kf6 35. g3 Ne6 36.
Kg2 h5 37. h4 Nd4 38. Kf2 Nf5 39. Ra6+ Kg7 40. Kg2 Ne3+ 41. Kh3 Nf5 42. g4 hxg4+ 43. fxg4 Ne3 44. Kg3 Nf1+ 45. Kf4 Nd2 46. Ra4 Nb3 47.
Rc4 1-0

[Event "Late-Titled-Tuesday-Blitz-March-19-2024"]
[Site "Chess.com"]
[Date "2024.03.19"]
[Round "6"]
[White "Polish_fighter3000"]
[Black "Sargsyan_Shant"]
[Result "1-0"]
[WhiteElo "3140"]
[BlackElo "2946"]
[TimeControl "180+1"]
[EndTime "15:06:01 PDT"]
[Termination "Polish_fighter3000 won on time"]

1. d4 d5 2. c4 e6 3. Nf3 Nf6 4. g3 Bb4+ 5. Bd2 a5 6. Qc2 O-O 7. Bg2 c5 8. cxd5 cxd4 9. Nxd4 Qb6 10. Nf3 exd5 11. O-O Bxd2 12. Nbxd2 Nc6 13. Rac1 a4 14. e3 Bg4 15. Rfe1 Bh5 16. Nh4 Rfd8 17. h3 Nb4 18.
Qb1 Qa6 19. g4 Bg6 20. Nxg6 hxg6 21. a3 Nc6 22. Red1 d4 23. Nc4 dxe3 24. Nxe3 Nd4 25. Rc4 Ne6 26. Rb4 Nc5 27. Qc2 Rxd1+ 28. Qxd1 Re8 29.
Qd4 Qa5 30. Nc4 Qc7 31. Qd6 Re1+ 32. Kh2 Qxd6+ 33. Nxd6 Re2 34. Kg3 g5 35. Bf3 Rd2 36.
Nxb7 Ne6 37. Na5 Rd3 38. Nc6 Kh7 39. Ne5 Rd2 40. Nxf7 Nf4 41. Nxg5+ Kg6 42. Kxf4 Rxf2 43. Rb5 1-0

[Event "Late-Titled-Tuesday-Blitz-March-19-2024"]
[Site "Chess.com"]
[Date "2024.03.19"]
[Round "6"]
[White "Sanan_Sjugirov"]
[Black "KNVB"]
[Result "1-0"]
[WhiteElo "3006"]
[BlackElo "2803"]
[TimeControl "180+1"]
[EndTime "15:06:01 PDT"]
[Termination "Sanan_Sjugirov won by resignation"]

1. e4 e6 2. d4 d5 3. Nc3 Bb4 4. e5 Ne7 5. Bd2 b6 6. a3 Bxc3 7. Bxc3 Ba6 8. Bxa6 Nxa6 9. Bd2 c5 10. c3 Qd7 11. Nf3 Qb5 12. Rb1 Qd3 13. Rc1 O-O 14. Qe2 Qxe2+ 15. Kxe2 c4 16. h4 h5 17. Rcg1 f6 18.
exf6 gxf6 19. Bh6 Rf7 20. Kd2 Rh7 21. Bf4 Kf7 22. Re1 Rg7 23. g3 Ng6 24. Bh6 Rh7 25.
Be3 Nb8 26. Re2 Nc6 27. Rhe1 Re8 28. Kc2 Nce7 29. a4 Nf5 30. Bc1 Rhh8 31. b3 cxb3+ 32. Kxb3 Ng7 33. Ba3 Rc8 34. Nd2 Rc6 35. c4 dxc4+ 36.
Nxc4 Nf5 37. Bb2 Rhc8 38. Nd2 Nge7 39. Ne4 Nd5 40. f3 Rc4 41. g4 hxg4 42. fxg4 Nxd4+ 43. Bxd4 Rxd4 44. Nd6+ Ke7 45. Nxc8+ Kd7 46. Nxa7 e5 47. Nb5 Rb4+ 48. Ka3 Rxg4 49. Rd2 Ke6 50. Red1 Ne3 51. Rd6+ Kf5 52. Rc1 Nc4+ 53. Rxc4 Rxc4 54. Rxb6 Rxh4 55. a5 Rh8 56. a6 e4 57. a7 Ra8 58. Rb8 Rxa7+ 59. Nxa7 e3 60. Re8 Kf4 61. Kb3 Kf3 62. Kc2 f5 63. Nc6 f4 64. Nd4+ Kf2 65. Kd3 f3 66. Nxf3 e2 1-0

[Event "Late-Titled-Tuesday-Blitz-March-19-2024"]
[Site "Chess.com"]
[Date "2024.03.19"]
[Round "6"]
[White "SoltaniciR"]
[Black "Yaacovn"]
[Result "1-0"]
[WhiteElo "2651"]
[BlackElo "2859"]
[TimeControl "180+1"]
[EndTime "15:06:01 PDT"]
[Termination "SoltaniciR won on time"]

1. e4 c6 2. c4 d5 3. exd5 Nf6 4. d4 cxd5 5. Nc3 e6 6. Nf3 Be7 7. cxd5 Nxd5 8. Bd3 Nf6 9. O-O O-O 10. Re1 Nc6 11. a3 b6 12. Bg5 Bb7 13. Bc2 Qd6 14. Qd3 g6 15. Rad1 Rad8 16. h4 Ng4 17. d5 Bxg5 18.
hxg5 Qc5 19. Ne4 Qxd5 20. Qc3 Qb5 21. Nd6 Rxd6 22. Rxd6 Rc8 23. Red1 Qc5 24. Qxc5 bxc5 25. Be4 Kg7 26. Rc1 Na5 27. Bxb7 Nxb7 28. Rd7 Rb8 29. b4 cxb4 30. axb4 Nd8 31. b5 h6 32. Rcc7 Rxb5 33.
g3 Rb8 34. Rxa7 hxg5 35. Nxg5 Ne5 36. Rdc7 Kf6 37. f4 Kf5 38. Kf2 Rb2+ 39. Ke1 Nd3+ 40.
Kd1 Kg4 41. Nxf7 Nxf7 42. Rxf7 Kf3 43. Rfd7 Ke3 44. Rxd3+ Kxd3 45. Rd7+ Ke4 46. Rd6 Kf5 47. Ra6 Rb3 48. Ra5+ Kf6 49. Rg5 1-0

[Event "Late-Titled-Tuesday-Blitz-March-19-2024"]
[Site "Chess.com"]
[Date "2024.03.19"]
[Round "6"]
[White "GotCheeseCheckers"]
[Black "gympod"]
[Result "0-1"]
[WhiteElo "2515"]
[BlackElo "2393"]
[TimeControl "180+1"]
[EndTime "15:06:01 PDT"]
[Termination "gympod won by resignation"]

1. e4 c5 2. Nf3 d6 3. Bb5+ Bd7 4. a4 Nf6 5. Nc3 Nc6 6. O-O g6 7.
d4 cxd4 8. Nxd4 Bg7 9. Nxc6 bxc6 10. Bc4 O-O 11. Bg5 Qa5 12. Bf4 Bg4 13. Qd3 Rab8 14. Rfe1 Nd7 15. Bb3 Nc5 16. Qg3 Nxb3 17. cxb3 Be6 18. e5 d5 19. Ra3 Rb4 20. Bd2 Rb7 21. Ne4 Qb6 22. Ng5 Bf5 23. h4 Rfb8 24. h5 Qd4 25.
Bc3 Qg4 26. Qxg4 Bxg4 27. hxg6 hxg6 28. b4 e6 29. f3 Bf5 30. Rd1 Bh6 31. f4 Bf8 32.
Nf3 Bxb4 33. Rd4 Bxa3 34. bxa3 Rb3 35. Bb4 a5 36. Bd6 Rc8 37. Kh2 c5 38. Rd1 c4 39.
Nd4 Rxa3 40. Nb5 Rxa4 41. Nc3 Rb4 42. Ra1 Rb3 43. Ne2 c3 44. Nd4 Rb2 45. Ba3 Be4 46. Kh3 Rxg2 47. Be7 Rc2 48. Kg3 Rd2 49. Bf6 Rxd4 50.
Kf2 Rd2+ 51. Ke3 Rh2 52. Rc1 c2 53. Kd4 Rd2+ 54. Ke3 Rd1 0-1

[Event "Late-Titled-Tuesday-Blitz-March-19-2024"]
[Site "Chess.com"]
[Date "2024.03.19"]
[Round "6"]
[White "Kombinator01"]
[Black "Revan_2002"]
[Result "1-0"]
[WhiteElo "2431"]
[BlackElo "2547"]
[TimeControl "180+1"]
[EndTime "15:06:04 PDT"]
[Termination "Kombinator01 won by resignation"]

1. e4 e5 2. Nf3 Nc6 3. Bb5 a6 4. Ba4 Nf6 5. d4 exd4 6. O-O Be7 7. Re1 O-O 8. e5 Nd5 9. Nxd4 Nb6 10. Bb3 Nxd4 11. Qxd4 d5 12. exd6 Qxd6 13. Be3 a5 14.
a4 Bf5 15. Nc3 Qg6 16. Bf4 Rad8 17. Qe3 Bd6 18. Bxd6 Rxd6 19. Nb5 Rd7 20. c3 Nc8 21. Nd4 Be4 22. Qxe4 Qb6 23. Qc2 c5 24. Nf3 Qf6 25. Rad1 Rc7 26. Bd5 Nd6 27. c4 g6 28. Qc3 Qf4 29.
Qe5 Qxe5 30. Rxe5 Nf5 31. g4 Nd6 32. Rde1 Kg7 33. Re7 Rxe7 34. Rxe7 Rd8 35. Rc7 Re8 36. Bxf7 Nxf7 37. Ng5 Kf6 38. Nxf7 Re4 39. h3 Rxc4 40. Rxb7 Rxa4 41. Kg2 Rd4 42. Kg3 a4 43. f4 Rb4 44.
Rc7 Rxb2 45. Ng5 Rb3+ 46. Kh4 1-0

[Event "Late-Titled-Tuesday-Blitz-March-19-2024"]
[Site "Chess.com"]
[Date "2024.03.19"]
[Round "6"]
[White "Jahonas"]
[Black "DeArron_Fox"]
[Result "1-0"]
[WhiteElo "2373"]
[BlackElo "2502"]
[TimeControl "180+1"]
[EndTime "15:06:04 PDT"]
[Termination "Jahonas won on time"]

1. e4 c5 2. Nf3 e6 3. d4 cxd4 4.
Nxd4 a6 5. a3 Nf6 6. Nc3 Qc7 7.
Be2 b6 8. Bf3 Bb7 9. O-O Nc6 10.
Nxc6 Bxc6 11. Re1 Bd6 12. Nd5 Bxd5 13. exd5 Rc8 14. dxe6 dxe6 15. h3 O-O 16. c3 Rfd8 17. Qe2 h6 18. Be3 b5 19. Red1 Bc5 20. g3 Nd7 21. Kg2 Nb6 22. Bf4 Qe7 23. h4 Rxd1 24. Rxd1 Rd8 25. Re1 Nd5 26. Bc1 Nb6 27. Be4 Nc4 28.
Bd3 Qb7+ 29. Be4 Qb6 30. Rf1 Nd6 31. Bc2 Ne8 32. Rd1 Nf6 33. Rxd8+ Qxd8 34. f3 Bb6 35.
Be3 h5 36. Bxb6 Qxb6 37. Qd3 g6 38. Qd2 Kg7 39. Bd1 Qc5 40. Be2 Nd5 41. Bd3 Ne3+ 42.
Kh2 Nc4 43. Bxc4 bxc4 44. Kg2 e5 45. Qe2 Qb5 46. Kh3 f6 47. g4 Qd7 48. Qxc4 hxg4+ 49. Qxg4 Qd2 50. h5 Qxb2 51. Qxg6+ Kh8 52. Qxf6+ Kh7 53.
Qg6+ Kh8 54. h6 Qb7 55. Qg7+ Qxg7 56. hxg7+ Kxg7 57. Kg4 Kf6 58. f4 e4 59. f5 e3 60. Kf3 Kxf5 61. Kxe3 Ke5 62. Kd3 Kd5 63. c4+ Kc5 64. Kc3 Kc6 65. Kd4 Kd6 66. c5+ Kc6 67. Kc4 Kc7 68. Kd5 Kd7 69. c6+ Kc7 70. Kc5 Kc8 71. Kb6 Kb8 72. Kxa6 Kc7 73. Kb5 1-0